AoeStats
← AnomalousTR

Arena

509922256Analyzed
2v2 RM · 5d ago on Sep 28, 2026· 55m 37s· 4 players
Game mode
Random Map
Map size
Medium (4 player)
Population
200
Speed
Normal
Resources
Standard
Victory
Conquest
Starting age
Dark Age
Ending age
Imperial Age
RankedLock teamsTeams togetherTeam positionsShared explorationLock speedFull tech treeHidden civsTurbo modeCheats
Victory
Defeat
🇹🇷 Goths · Türkiye
598
+18
🇹🇷 Malay · Türkiye
569
+20
🇬🇷 Teutons · Greece
641
-19
🇬🇷 Mongols · Greece
641
-19
AnomalousTR
0:34 Loom
11:12 Feudal Age
12:30 Double-Bit Axe
13:49 Horse Collar
21:30 Castle Age
25:17 Forging
25:07 Scale Mail Armor
27:02 Stone Mining
28:21 Stone Shaft Mining
33:12 Bow Saw
34:21 Iron Casting
34:01 Chain Mail Armor
34:11 Heavy Plow
35:03 Gold Mining
37:58 Anarchy
40:47 Imperial Age
40:59 Wheelbarrow
40:10 Town Watch
41:35 Perfusion
41:56 Conscription
40:56 Elite Huskarl
43:41 Hand Cart
43:26 Town Patrol
44:41 Blast Furnace
44:43 Chemistry
44:04 Ballistics
49:26 Pikeman
50:07 Squires
52:10 Crop Rotation
52:55 Two-Man Saw
51:23 Halberdier
nekketsu
2:21 Loom
10:59 Feudal Age
17:30 Castle Age
21:08 Forging
22:03 Scale Barding Armor
22:47 Town Watch
30:30 Elite Skirmisher
32:42 Caravan
33:09 Fletching
33:59 Padded Archer Armor
36:05 Bodkin Arrow
36:14 Horse Collar
38:13 Ballistics
38:42 Leather Archer Armor
52:38 Imperial Age
50:12 Double-Bit Axe
51:34 Gold Mining
52:22 Iron Casting
52:53 Bracer
53:25 Ring Archer Armor
53:00 Heavy Plow
53:52 Wheelbarrow
56:40 Chemistry
High Templar319
3:23 Loom
10:52 Feudal Age
11:23 Double-Bit Axe
13:04 Horse Collar
13:21 Fletching
17:56 Wheelbarrow
17:23 Stone Mining
21:02 Scale Barding Armor
21:09 Forging
21:38 Gold Mining
25:39 Castle Age
24:01 Scale Mail Armor
25:48 Pikeman
26:29 Squires
27:29 Bow Saw
27:23 Heavy Plow
31:27 Gambesons
32:31 Elite Skirmisher
33:49 Chain Mail Armor
34:09 Iron Casting
39:52 Caravan
41:49 Hand Cart
45:30 Imperial Age
nesapouliata
7:40 Loom
11:35 Feudal Age
12:23 Double-Bit Axe
12:20 Horse Collar
18:29 Castle Age
21:02 Bloodlines
21:06 Forging
22:30 Light Cavalry
23:11 Husbandry
26:39 Fletching
29:08 Padded Archer Armor
32:46 Thumb Ring
33:19 Iron Casting
33:38 Bodkin Arrow
36:15 Wheelbarrow
35:25 Town Watch
36:23 Wheelbarrow
36:27 Leather Archer Armor
41:14 Imperial Age
39:33 Scale Barding Armor
42:37 Parthian Tactics
41:43 Heavy Cavalry Archer
48:00 Bracer
52:07 Ballistics
52:45 Hussar
54:29 Blast Furnace
Connection lost

Rejoining the realm…

Still unreachable

The connection could not be restored.

Session expired

The server has moved on; the page needs a fresh start.